 Dungeon Crawl Stone Soup version 0.29-a0-504-gec6baf379c (webtiles) character file.

Game seed: 10621429309283146390

515 Colgate the Sneak (level 7, -1/44 HPs)
             Began as a Kobold Brigand on May 27, 2022.
             Was a Believer of Sif Muna.
             Slain by Edmund
             ... wielding a +1 dire flail of protection
              (15 damage)
             ... on level 4 of the Dungeon on May 28, 2022.
             The game lasted 00:21:02 (5161 turns).

Colgate the Sneak (Kobold Brigand)                  Turns: 5161, Time: 00:21:02

Health: -1/44      AC:  3    Str:  3    XL:     7   Next: 44%
Magic:  16/19      EV: 15    Int: 22    God:    Sif Muna [**....]
Gold:   97         SH:  0    Dex: 17    Spells: 7/10 levels left

rFire   . . .      SeeInvis .   a - +5 dagger "Qeethuops" {freeze, Drain rC++ MP+9 Str-5 Int+8}
rCold   + + .      Faith    .   (no shield)
rNeg    . . .      Spirit   .   b - +0 robe
rPois   .          Reflect  .   (no helmet)
rElec   .          Harm     .   c - +0 cloak
rCorr   .          Rampage  .   (no gloves)
Will    .....                   (no boots)
Stlth   ++++......              (no amulet)
HPRegen 0.14/turn               m - ring of wizardry
MPRegen 0.16/turn               (no ring)

@: no status effects
A: small, no large weapons, nightstalker 3
a: Renounce Religion, Channel Magic


You were on level 4 of the Dungeon.
You worshipped Sif Muna.
Sif Muna was pleased with you.
You visited 1 branch of the dungeon, and saw 5 of its levels.

You collected 152 gold pieces.
You spent 55 gold pieces at shops.

Inventory:

Hand Weapons
 a - the +5 dagger "Qeethuops" (weapon) {freeze, Drain rC++ MP+9 Str-5 Int+8}
   (You found it on level 2 of the Dungeon)

   It freezes those it strikes, dealing additional cold damage.
   It can also slow down cold-blooded creatures.
   Str:       It affects your strength (-5).
   Int:       It affects your intelligence (+8).
   rC:        It greatly protects you from cold.
   MP:        It affects your magic capacity (+9).
   Drain:     It drains your maximum health when unequipped.
 n - a +0 short sword
 o - a +2 dagger of protection
 s - a +2 dagger of venom
 t - a +1 short sword of draining
 F - a +1 dagger of draining
 H - a +2 dagger of draining
Missiles
 d - 9 poisoned darts
 e - 3 curare-tipped darts
 q - 4 boomerangs of dispersal
 C - 48 stones
 G - 5 boomerangs
Armour
 b - a +0 robe (worn)
 c - a +0 cloak (worn)
Jewellery
 m - a ring of wizardry (left hand)
Wands
 y - a wand of iceblast (12) {@v2}
 D - a wand of paralysis (6)
 E - a wand of flame (3)
Scrolls
 f - 2 scrolls of vulnerability {unknown}
 i - 2 scrolls of fog
 j - a scroll of magic mapping {unknown}
 l - a scroll of blinking {unknown}
 p - a scroll of enchant armour {unknown}
 u - 2 scrolls of brand weapon
 v - a scroll of enchant weapon {unknown}
 w - a scroll of teleportation {unknown}
Potions
 g - 3 potions of brilliance
 h - 2 potions of curing {@q1}
 k - 3 potions of haste {@q4}
 r - 2 potions of might {@q3}
 x - a potion of magic
 z - a potion of degeneration
 A - 3 potions of attraction
 B - 2 potions of heal wounds {@q2}


   Skills:
 + Level 4.8 Fighting
 - Level 4.0 Short Blades
 - Level 2.1 Throwing
 - Level 3.0 Dodging
 - Level 6.3 Stealth
 - Level 2.0 Spellcasting
 - Level 1.2 Necromancy
 - Level 4.0 Evocations


You had 7 spell levels left.
You knew the following spells:

 Your Spells              Type           Power      Damage    Failure   Level
a - Summon Small Mammal   Summ           8%         N/A       6%          1
b - Apportation           Tloc           4%         N/A       6%          1
c - Necrotize             Necr           28%        1d5       3%          1

Your spell library contained the following spells:

 Spells                   Type           Power      Damage    Failure   Level
 Freeze                   Ice            8%         1d3       6%          1
 Scorch                   Fire           4%         2d5       9%          2
 Conjure Flame            Conj/Fire      2%         6-21      16%         3
 Frozen Ramparts          Ice            4%         1d2       16%         3
 Ignite Poison            Fire/Tmut/Pois 2%         N/A       16%         3
 Flame Wave               Conj/Fire      2%         2d4       45%         4
 Hailstorm                Conj/Ice       2%         3d3       45%         4
 Sticky Flame             Conj/Fire      2%         2d3       45%         4
 Summon Cactus Giant      Summ           1%         N/A       100%        6


Dungeon Overview and Level Annotations

Branches:
Dungeon (5/15)
 Temple: D:4-7

Altars:
Sif Muna

Shops:
D:5 !:

Annotations:
D:4 Edmund


Innate Abilities, Weirdness & Mutations

You are small and have problems with some larger weapons.
You are completely attuned to the shadows.


Message History

You kill the iguana!
Sif Muna accepts your kill.
The helpless ball python fails to defend itself.
You spit the ball python like a pig!!! You freeze the ball python.
You kill the ball python!
Sif Muna accepts your kill.
No target in view!
You see here a ball python corpse.
Found a robe.
No target in view!
Edmund the Younger comes into view.
He is wielding a +1 dire flail of protection.
Edmund shouts!
Casting: Necrotize (safe; 3% risk of failure) Edmund drinks a potion.
Edmund goes berserk!
Casting: Summon Small Mammal (safe; 6% risk of failure)
Your rat bites Edmund but does no damage.
Edmund attacks as you move away! Edmund closely misses you.
Edmund barely misses you.
Your bat hits Edmund but does no damage.
Your bat hits Edmund but does no damage.
Edmund rages.
Your bat barely misses Edmund.
Edmund hits your bat with a +1 dire flail of protection.
Your bat dies!
Your bat's corpse disappears in a puff of smoke!
Edmund resists with significant effort.
Edmund misses you.
Your rat bites Edmund but does no damage.
Edmund writhes in agony.
Edmund hits you with a +1 dire flail of protection!
Edmund barely misses you.
Your rat barely misses Edmund.
You hit Edmund but do no damage. Edmund misses you.
You hit Edmund but do no damage.
Edmund hits you with a +1 dire flail of protection!!
Your rat bites Edmund but does no damage.
You hit Edmund but do no damage. Edmund misses you.
Your rat closely misses Edmund.
Edmund hits you with a +1 dire flail of protection.
You barely miss Edmund.
Edmund hits you with a +1 dire flail of protection!
You die...

#....................
#.####.....##........
#.#..#P..............
##.#..#####......#.[..
#..#..... #..#.#...[..
#..#.## #.##.##.....
###..#.r## #.##.##.....
#....#.@[# #.##.......#
#....#.@##. #........###
####.#......#........)>.
#......#..#......#####
#......# .#.#....# #
#..#...# #......# #
#..#...# #......# #
##..#...# #.....## #<..#
#......##### #...#
#...........


You could see Edmund (berserk, ally target) and a friendly rat (summoned).

Vanquished Creatures
  A phantom (D:4)
  3 hounds
  A jelly (D:3)
  Terence (D:2)
  An orc wizard (D:4)
  An iguana (D:4)
  2 adders
  An ufetubus (D:4)
  3 worms
  3 dart slugs
  8 orcs
  3 ball pythons
  16 endoplasms
  A giant cockroach (D:4)
  5 goblins
  A hobgoblin (D:1)
  2 jackals (D:1)
  2 quokkas
  5 bats
  4 frilled lizards
  12 kobolds
  3 rats
79 creatures vanquished.

Vanquished Creatures (collateral kills)
  A necrophage (D:3)
  A jelly (D:3)
  An iguana (D:4)
  An endoplasm (D:3)
4 creatures vanquished.

Vanquished Creatures (others)
  3 fungi
  5 toadstools (D:3)
8 creatures vanquished.

Grand Total: 91 creatures vanquished

Notes
Turn   | Place    | Note
-------+----------+-------------------------------------------
     0 | D:1      | Colgate the Kobold Brigand began the quest for the Orb.
     0 | D:1      | Reached XP level 1. HP: 12/12 MP: 1/1
   278 | D:1      | Reached XP level 2. HP: 17/17 MP: 2/2
   404 | D:1      | Found a faded altar of an unknown god.
   408 | D:1      | Prayed at the altar of an unknown god.
   408 | D:1      | Became a worshipper of Sif Muna the Loreminder
   408 | D:1      | Reached * piety under Sif Muna
   711 | D:1      | Learned a level 1 spell: Summon Small Mammal
  1169 | D:2      | Reached XP level 3. HP: 21/22 MP: 3/3
  1384 | D:2      | Identified the +5 dagger "Qeethuops" {freeze, Drain rC++
                  | MP+9 Str-5 Int+8}
  1384 | D:2      | Noticed Terence
  1482 | D:2      | Killed Terence
  1483 | D:2      | Reached XP level 4. HP: 28/28 MP: 7/7
  1487 | D:2      | Learned a level 1 spell: Apportation
  1489 | D:2      | Learned a level 1 spell: Necrotize
  2159 | D:2      | Reached skill level 1 in Necromancy
  2604 | D:3      | You fall into a shaft and drop 2 floors!
  2604 | D:5      | Entered Level 5 of the Dungeon
  2604 | D:5      | Found Guuck's Distillery.
  2610 | D:5      | Bought a potion of heal wounds for 55 gold pieces
  2618 | D:5      | Found Dadawn's Book Shop.
  2699 | D:5      | Reached XP level 5. HP: 32/32 MP: 8/8
  2727 | D:5      | Reached skill level 1 in Evocations
  3237 | D:3      | Reached ** piety under Sif Muna
  3364 | D:3      | Reached skill level 6 in Stealth
  3364 | D:3      | Reached XP level 6. HP: 37/37 MP: 9/9
  4318 | D:3      | HP: 1/34 [necrophage (2)]
  4396 | D:3      | Reached XP level 7. HP: 11/42 MP: 0/10
  5149 | D:4      | Noticed Edmund
  5161 | D:4      | Slain by Edmund

Illustrated notes

Levels and vault maps discovered:
D:1:      dpeg_arrival_castle, layout_loops_cross,
          shapermc_ecumenical_altar_acropolis
D:2:      layout_basic, serial_co_window_serial, co_window_cross_1,
          co_window_corner_a, co_window_cross_1, co_window_corner_a,
          co_window_corner_a, co_window_of_opportunity_c, co_window_broadway_c,
          co_window_2corner, co_window_4corner_a, glass_columns_b,
          glass_columns_a, glass_columns_a, uniq_terence
D:3:      cheibrodos_fertilizer, layout_loops_cross
D:4:      layout_rooms, gammafunk_temple_overflow_pools, grunt_ministairs_13,
          sigmund_edmund_badplayer
D:5:      layout_loops_ring, serial_shops, nicolae_shop_waterfront,
          kennysheep_mini_moat, kennysheep_little_box,
          nicolae_shop_advertising_works [nicolae_subvault_shop_adworks],
          nicolae_diamond_shop, uniq_edmund, uniq_blork_the_orc,
          uniq_prince_ribbit1

Skill      XL: |  1  2  3  4  5  6  7 |
---------------+----------------------+-----
Short Blades   | 3 4 |  4.0
Fighting       | 3 4 |  4.8
Spellcasting   | 2 |  2.0
Necromancy     | 1 |  1.2
Dodging        | 2 3 |  3.0
Evocations     | 1 4 |  4.0
Stealth        | 6 |  6.3
Throwing       | |  2.1

Action                   |  1- 3 |  4- 6 |  7- 9 || total
-------------------------+-------+-------+-------++-------
Melee: Dagger            |    39 |    70 |    25 ||   134
       Punch             |     1 |       |     1 ||     2
 Cast: Necrotize         |       |    21 |    23 ||    44
       Summon Small Mamm |       |    44 |     5 ||    49
  Use: Scroll            |     2 |     7 |       ||     9
 Stab: Sleeping          |    15 |    21 |     2 ||    38
Armor: Robe              |     1 |    15 |     5 ||    21
Dodge: Dodged            |     9 |    63 |    30 ||   102

Table legend: (Time is in decaauts)
 A = Elapsed time spent in this place.
 B = Non-inter-level travel time spent in this place.
 C = Inter-level travel time spent in this place.
 D = Time resting spent in this place.
 E = Time spent auto-exploring this place.
 F = Levels seen in this place.
 G = Mean time per level.
                   A        B        C        D        E       F      G
               +--------+--------+--------+--------+--------+-----+--------+
         Total |   5148 |   4861 |    287 |    213 |   3891 |   5 | 1029.6 |
       Dungeon |   5148 |   4861 |    287 |    213 |   3891 |   5 | 1029.6 |
               +--------+--------+--------+--------+--------+-----+--------+

Top non-repeatable levels by time:
     D:3: 1891 daAuts
     D:2: 1329 daAuts
     D:1: 998 daAuts
     D:4: 773 daAuts
     D:5: 155 daAuts
